 Dungeon Crawl Stone Soup version 0.23-a0-54-gae6112e (webtiles) character file.

21 Gorice the Vexing (level 2, 0/23 HPs)
             Began as a Demonspawn Wanderer on Aug 8, 2018.
             Succumbed to a goblin's poison
             ... on level 1 of the Dungeon.
             The game lasted 00:04:42 (922 turns).

Gorice the Vexing (Demonspawn Wanderer)              Turns: 922, Time: 00:04:43

Health: 0/23       AC:  5    Str: 10    XL:     2   Next: 65%
Magic:  2/2        EV:  7    Int: 14    God:
Gold:   17         SH:  7    Dex: 13    Spells: 1/1 levels left

rFire    . . .     SeeInvis .   d - +0 blowgun
rCold    . . .     Gourm    .   a - +0 shield
rNeg     . . .     Faith    .   j - +0 ring mail
rPois    .         Spirit   .   (no helmet)
rElec    .         Reflect  .   (no cloak)
rCorr    .         Harm     .   (no gloves)
MR       .....                  (no boots)
Stlth    +.........             (no amulet)
HPRegen  0.07/turn              (no ring)
MPRegen  0.08/turn              (no ring)

@: lethally poisoned (0 -> -20), very slightly contaminated, invisible
A: talons 1, blink, mutation resistance 1
a: Blink


You were on level 1 of the Dungeon.
You were not hungry.

You visited 1 branch of the dungeon, and saw 1 of its levels.

You collected 17 gold pieces.

Inventory:

Hand Weapons
 d - a +0 blowgun (weapon)
 i - a +0 hunting sling
Missiles
 c - 8 poisoned needles (quivered)
 k - 2 needles of sleeping
 Y - 44 stones
Armour
 a - a +0 shield (worn)
 e - a +0 robe
 j - a +0 ring mail (worn)
Jewellery
 I - an uncursed ring of ice
Comestibles
 f - a ration


   Skills:
 * Level 2.4 Fighting
 - Level 1.0 Throwing
 + Level 2.0 Armour
 - Level 1.0 Shields
   Level 4.0 Hexes
   Level 1.0 Ice Magic


You had one spell level left.
You didn't know any spells.
Your spell library contained the following spells:

 Spells                   Type           Power        Failure   Level  Hunger
 Shock                    Conj/Air       #...         99%         1    ##.....
 Static Discharge         Conj/Air       #.......     100%        3    ####...


Dungeon Overview and Level Annotations

Branches:
Dungeon (1/15)

Altars:


Innate Abilities, Weirdness & Mutations

You have sharp toenails.
You can translocate small distances at will.
You are somewhat resistant to further mutation.


Message History

* * * LOW HITPOINT WARNING * * *
You feel sick.
Damage: 2 (max 2)
* * * LOW HITPOINT WARNING * * *
You feel sick.
Damage: 1 (max 2) It was a potion of mutation.
You feel extremely strange.
You feel genetically stable.
You feel jittery.
* * * LOW HITPOINT WARNING * * *
You feel sick. The goblin hits you but does no damage.
You are more poisoned.
Damage: 1 (max 2) It was a potion of ambrosia.
You are confused.
You feel invigorated.
* * * LOW HITPOINT WARNING * * *
You feel sick. The goblin hits you but does no damage.
You are more poisoned.
Okay, then.
It was a potion of invisibility.
You fade into invisibility!
* * * LOW HITPOINT WARNING * * *
You feel very sick. The goblin barely misses you.
You are very lightly contaminated with residual magic.
You bump into the rock wall.
You feel less invigorated.
You feel less confused.
You feel sick. The goblin closely misses you.
* * * LOW HITPOINT WARNING * * *
You feel sick.
Damage: 2 (max 2)
* * * LOW HITPOINT WARNING * * *
You feel sick.
Damage: 2 (max 2)
* * * LOW HITPOINT WARNING * * *
You feel sick.
Damage: 2 (max 2)
* * * LOW HITPOINT WARNING * * *
You feel sick.
Damage: 1 (max 2)
* * * LOW HITPOINT WARNING * * *
You feel sick.
Damage: 1 (max 2)
* * * LOW HITPOINT WARNING * * *
You feel sick.
Damage: 2 (max 2)
* * * LOW HITPOINT WARNING * * *
You feel sick.
Damage: 1 (max 2)
You die...

...'........#...#.# #.#...#
####....###.#.....# #.##.##
..#####.....#..#######.#...
..#####.###.#..#........
........# #.#...........
........# #.#.#.........
.......# #.............
#####.# #.#.#......... #..
#.#...@......#
#.###..####### #.##.# ##g##
## ..#.# #J.# .# #.#.#
##.## .# ...# #..# .# #..#
##.# ## #..# #.#
#.######.######.#


You could see an ooze and a goblin.

Vanquished Creatures
  A leopard gecko (D:1)
  3 bats (D:1)
  2 giant cockroaches (D:1)
  2 goblins (D:1)
  3 hobgoblins (D:1)
  3 kobolds (D:1)
  A frilled lizard (D:1)
  3 rats (D:1)
18 creatures vanquished.

Notes
Turn   | Place    | Note
-------+----------+-------------------------------------------
     0 | D:1      | Gorice the Demonspawn Wanderer began the quest for the Orb.
     0 | D:1      | Gorice set off with: a +0 shield, 14 poisoned needles, a +0 blowgun, a +0 robe, a ration
     0 | D:1      | Reached XP level 1. HP: 15/15 MP: 1/1
   188 | D:1      | Reached skill level 2 in Fighting
   188 | D:1      | Gained mutation: You have sharp toenails. [demonic ancestry]
   188 | D:1      | Reached XP level 2. HP: 22/22 MP: 2/2
   446 | D:1      | Reached skill level 2 in Armour
   628 | D:1      | HP: 6/23 [leopard gecko (4)]
   911 | D:1      | Gained mutation: You are somewhat resistant to further mutation. [potion of mutation]
   911 | D:1      | Gained mutation: You can translocate small distances at will. [potion of mutation]
   918 | D:1      | HP: 6/23 [poisoned by a goblin]
   921 | D:1      | HP: 2/23 [poisoned by a goblin]
   922 | D:1      | Succumbed to a goblin's poison

Vault maps used:
D:1:      dpeg_arrival_simpleton_c, kennysheep_boxes

Skill      XL: |  1  2 |
---------------+-------+-----
Fighting       | 2 |  2.4
Armour         | 2 |  2.0
Throwing       | |  1.0
Shields        | |  1.0
Hexes          | |  4.0
Ice Magic      | |  1.0

Action                   || total
-------------------------++-------
 Fire: Blowgun           ||    71
  Use: Potion            ||     3
Armor: Ring mail         ||    28
Dodge: Dodged            ||    18
Block: Shield            ||    18

Table legend:
 A = Spawn XP
 B = Non-spawn XP
 C = Spawn XP percentage of total XP
 D = Spawn monster count
 E = Non-spawn monster count
 F = Spawn count percentage of total count
 G = Total turns spent on level
                    A         B        C        D         E        F      G
               +---------+---------+-------+---------+---------+-------+---------
         Total |       0 |      31 |   0.0 |       0 |      18 |   0.0 |   922
               +---------+---------+-------+---------+---------+-------+---------
           D:1 |       0 |      31 |   0.0 |       0 |      18 |   0.0 |   922
               +---------+---------+-------+---------+---------+-------+---------

Table legend:
 A = Turns spent in this place as a percentage of turns spent in the entire game.
 B = Non-inter-level travel turns spent in this place as a percentage of non-inter-level travel turns spent in the entire game.
 C = Inter-level travel turns spent in this place as a percentage of turns spent in this place.
 D = Turns resting spent in this place as a percentage of non-inter-level travel turns spent in this place.
 E = Turns spent auto-exploring this place as a percentage of non-inter-level travel turns spent in this place.
 F = Non-inter-level travel turns spent in this place divided by the number of levels of this place that you've seen.
                   A       B       C       D       E      F
               +-------+-------+-------+-------+-------+----------------------
         Total | 100.0 | 100.0 |   0.0 |  22.7 |  24.3 | 922.0
       Dungeon | 100.0 | 100.0 |   0.0 |  22.7 |  24.3 | 922.0
               +-------+-------+-------+-------+-------+----------------------

Vault maps used:
D:1:      dpeg_arrival_simpleton_c, kennysheep_boxes
